Map: Habitation Station LE (Void)

Players

Luneth

  • Race: Protoss Protoss
  • League: Master
  • Spawn Location: 11:00

llllllllllll - Winner!

  • Race: Terran Terran
  • League: Grandmaster
  • Spawn Location: 1:00

VOD

Have the link to the VOD?

Description

Time

  • Played on: Jan. 5, 2017, 12:18 p.m.
  • Length: 6:31
Show
View Real Time Build Order
Export as new Build Order

Luneth Protoss 

Build Orders: 1 Gate Expand, Colossus Rush 

Get SALT Encoding   

  12  0:01  Probe (Chrono Boost)  
  13  0:11  Probe (Chrono Boost)  
  14  0:18  Pylon  
  14  0:22  Probe (Chrono Boost)  
  15  0:37  Gateway, Probe (Chrono Boost)  
  16  0:43  Assimilator  
  16  0:47  Probe (Chrono Boost)  
  17  0:58  Probe (Chrono Boost)  
  18  1:08  Probe (Chrono Boost)  
  19  1:20  Nexus  
  19  1:30  Cybernetics Core  
  19  1:32  Probe (Chrono Boost)  
  20  1:37  Assimilator  
  20  1:43  Probe (Chrono Boost)  
  21  1:49  Pylon  
  21  1:54  Probe (Chrono Boost)  
  22  2:02  Warp Gate  
  22  2:08  Mothership Core (Chrono Boost)  
  24  2:19  Adept  
  26  2:26  Probe (Chrono Boost)  
  27  2:32  Probe (Chrono Boost)  
  29  2:37  Probe (Chrono Boost)  
  29  2:41  Robotics Facility  
  29  2:43  Probe (Chrono Boost)  
  29  2:44  Pylon  
  30  2:49  Probe (Chrono Boost)  
  31  2:53  Pylon  
  31  2:58  Probe (Chrono Boost)  
  31  3:01  Probe (Chrono Boost)  
  32  3:09  Probe (Chrono Boost)  
  34  3:14  Probe (Chrono Boost)  
  34  3:17  Gateway  
  34  3:18  Gateway  
  34  3:19  Probe (Chrono Boost)  
  35  3:26  Immortal, Probe (Chrono Boost)  
  41  3:35  Probe (Chrono Boost)  
  41  3:37  Pylon  
  41  3:44  Probe (Chrono Boost)  
  43  3:48  Probe (Chrono Boost)  
  44  3:56  Probe (Chrono Boost)  
  44  3:58  Pylon  
  44  4:00  Probe (Chrono Boost)  
  45  4:03  Observer  
  45  4:09  Probe (Chrono Boost)  
  47  4:10  Assimilator  
  47  4:12  Probe (Chrono Boost)  
  47  4:14  Stalker x3  
  54  4:21  Probe (Chrono Boost)  
  55  4:40  Probe (Chrono Boost)  
  55  4:42  Probe (Chrono Boost), Assimilator  
  55  4:44  Robotics Bay  
  56  4:52  Warp Prism  
  58  4:53  Probe (Chrono Boost)  
  58  4:54  Pylon, Probe (Chrono Boost)  
  58  4:56  Pylon  
  60  5:03  Forge  
  60  5:04  Forge  
  60  5:10  Stalker x3  
  68  5:14  Probe x2 (Chrono Boost)  
  66  5:24  Colossus  
  66  5:26  Probe x2 (Chrono Boost)  
  74  5:38  Probe (Chrono Boost)  
  74  5:48  Probe (Chrono Boost)  
  76  5:51  Probe (Chrono Boost)  
  76  5:56  Adept  
  78  6:10  Stalker x2  
  76  6:18  Pylon  
  71  6:22  Pylon  
Show
View Real Time Build Order
Export as new Build Order

llllllllllll Terran - Winner!

Build Orders: Liberator Opening 

Get SALT Encoding   

  12  0:00  SCV  
  13  0:13  SCV  
  14  0:18  Supply Depot  
  14  0:25  SCV  
  14  0:28  Refinery  
  15  0:39  SCV  
  16  0:45  Barracks  
  16  0:51  SCV  
  17  1:03  SCV  
  18  1:15  SCV  
  19  1:31  Orbital Command  
  19  1:32  Marine  
  20  1:45  Command Center  
  20  1:55  Barracks Reactor  
  20  1:59  Factory  
  20  2:03  SCV  
  21  2:10  Supply Depot  
  21  2:15  Refinery  
  21  2:18  SCV  
  22  2:30  SCV  
  22  2:32  Marine x2  
  25  2:42  SCV  
  25  2:43  Widow Mine  
  28  2:49  Starport  
  28  2:55  SCV  
  29  2:59  Orbital Command  
  29  3:08  Marine x2  
  29  3:11  Widow Mine  
  33  3:13  SCV  
  33  3:27  SCV x2  
  35  3:28  Medivac  
  35  3:29  Marine x2  
  39  3:36  Supply Depot  
  39  3:40  Widow Mine  
  39  3:41  Liberator, SCV  
  42  3:48  Marine x2  
  44  3:54  SCV x2  
  44  3:55  Supply Depot  
  49  4:07  Marine x2  
  50  4:10  Factory Tech Lab  
  50  4:15  SCV x2  
  52  4:18  Supply Depot  
  52  4:26  Liberator, Marine x2  
  52  4:30  Siege Tank  
  55  4:40  SCV  
  55  4:41  SCV  
  55  4:43  Supply Depot  
  60  4:45  Marine x2  
  62  4:56  SCV x2  
  64  5:03  Marine x2  
  64  5:05  Siege Tank  
  69  5:08  Supply Depot  
  69  5:18  SCV x2  
  71  5:30  Starport Reactor, Barracks  
  71  5:31  Barracks Tech Lab  
  71  5:32  Supply Depot  
  71  5:33  Barracks  
  71  5:38  SCV x2  
  73  5:48  Factory Reactor  
  73  5:53  Marine  
  73  5:56  Engineering Bay  
  74  5:57  SCV x2  
Tags
 
Add a new tag
Caveats
  • Supply blocks, unpowered buildings, or Contaminate may cause inaccurate times.
  • Supply counts are checked every 10 seconds.